 Dungeon Crawl Stone Soup version 0.28-a0-21-gf74fda84f9 (webtiles) character file.

Game seed: 9687694832350451691

305436 Sobieck the Wrestler (level 20, 0/171 (189) HPs)
             Began as a Minotaur Abyssal Knight on July 25, 2021.
             Was the Champion of Lugonu.
             Slain by Jory (25 damage)
             ... on level 2 of the Vaults on July 26, 2021.
             The game lasted 01:52:53 (52579 turns).

Sobieck the Wrestler (Minotaur Abyssal Knight)     Turns: 52579, Time: 01:52:53

HP:   0/171 (189)   AC: 44    Str: 26    XL:     20   Next: 28%
MP:   29/29         EV:  9    Int:  9    God:    Lugonu [******]
Gold: 3093          SH: 21    Dex: 11    Spells: 19/19 levels left

rFire   + + .      SeeInvis .     - Unarmed
rCold   + + .      Faith    .   e - +2 kite shield
rNeg    . . .      Spirit   .   s - +9 scales of the Dragon King {rPois rF+ rC+ Will+}
rPois   +          Reflect  +   G - +5 hat of the Dropbear {Regen+ rCorr}
rElec   .          Harm     .   S - +2 cloak {rCorr}
rCorr   +          Rampage  .   y - +1 pair of gloves of Hiazxik {rC+}
Will    +++..                   W - +2 pair of boots of Objectivity {Str+3}
Stlth   ..........              h - amulet of reflection
HPRegen 1.38/turn               o - ring of willpower
MPRegen 0.21/turn               w - ring of flight

@: mighty, flying, hasted, drained, very quick
A: horns 2, retaliatory headbutt, hooves 1, fire resistance 1, weak 1, subdued
magic 2
}: 2/15 runes: decaying, serpentine
a: Renounce Religion, Depart the Abyss, Bend Space, Banish, Corrupt, Enter the
Abyss, Brand Weapon With Distortion


You were on level 2 of the Vaults.
You worshipped Lugonu.
Lugonu was exalted by your worship.
You visited 5 branches of the dungeon, and saw 33 of its levels.
You visited the Abyss 1 time.

You collected 3420 gold pieces.
You spent 327 gold pieces at shops.


Innate Abilities, Weirdness & Mutations

You have a pair of horns on your head.
You reflexively headbutt those who attack you in melee.
You have large cloven feet.
Your flesh is heat resistant. (rF+)
You are weak. (Str -2)
Your spells are easier to cast, but less powerful.


   Skills:
 + Level 18.4 Fighting
 - Level 16.0 Armour
 + Level 10.0 Dodging
 - Level 15.0 Shields
 * Level 23.6 Unarmed Combat
 - Level 13.5 Invocations


You had 19 spell levels left.
You didn't know any spells.
Your spell library contained the following spells:

 Spells                   Type           Power      Damage    Failure   Level
 Animate Skeleton         Necr           0%         N/A       100%        1
 Apportation              Tloc           0%         N/A       100%        1
 Corona                   Hex            0%         N/A       100%        1
 Foxfire                  Conj/Fire      0%         2x1d4     100%        1
 Freeze                   Ice            0%         1d3       100%        1
 Pain                     Necr           0%         1d4       100%        1
 Sandblast                Erth           0%         2d4       100%        1
 Shock                    Conj/Air       0%         1d3       100%        1
 Summon Small Mammal      Summ           0%         N/A       100%        1
 Call Imp                 Summ           0%         N/A       100%        2
 Ensorcelled Hibernation  Hex/Ice        0%         N/A       100%        2
 Passwall                 Tmut/Erth      0%         N/A       100%        2
 Slow                     Hex            0%         N/A       100%        2
 Sublimation of Blood     Necr           0%         N/A       100%        2
 Confusing Touch          Hex            0%         N/A       100%        3
 Conjure Flame            Conj/Fire      0%         6-21      100%        3
 Frozen Ramparts          Ice            0%         1d2       100%        3
 Gell's Gravitas          Tloc           0%         N/A       100%        3
 Inner Flame              Hex/Fire       0%         N/A       100%        3
 Lesser Beckoning         Tloc           0%         N/A       100%        3
 Stone Arrow              Conj/Erth      0%         3d7       100%        3
 Swiftness                Air            0%         N/A       100%        3
 Teleport Other           Tloc           0%         N/A       100%        3
 Vampiric Draining        Necr           0%         2d6       100%        3
 Airstrike                Air            0%         N/A       100%        4
 Fulminant Prism          Conj/Hex       0%         3d6       100%        4
 Hailstorm                Conj/Ice       0%         3d3       100%        4
 Iskenderun's Mystic Bla  Conj/Tloc      0%         2d3       100%        4
 Petrify                  Tmut/Erth      0%         N/A       100%        4
 Summon Ice Beast         Ice/Summ       0%         N/A       100%        4
 Summon Lightning Spire   Summ/Air       0%         N/A       100%        4
 Bolt of Magma            Conj/Fire/Erth 0%         4d4       100%        5
 Iskenderun's Battlesphe  Conj           0%         2d6       100%        5
 Lee's Rapid Deconstruct  Erth           0%         3d5*      100%        5
 Lightning Bolt           Conj/Air       0%         1d11      100%        5
 Metabolic Englaciation   Hex/Ice        0%         N/A       100%        5
 Summon Mana Viper        Hex/Summ       0%         N/A       100%        5
 Iron Shot                Conj/Erth      0%         9d1       100%        6
 Shadow Creatures         Summ           N/A        N/A       100%        6
 Statue Form              Tmut/Erth      0%         N/A       100%        6
 Malign Gateway           Summ/Tloc      0%         N/A       100%        7
 Monstrous Menagerie      Summ           0%         N/A       100%        7
 Spellforged Servitor     Conj/Summ      0%         N/A       100%        7
 Borgnjor's Revivificati  Necr           0%         N/A       100%        8
 Disjunction              Tloc           0%         N/A       100%        8
 Necromutation            Tmut/Necr      0%         N/A       100%        8
 Shatter                  Erth           0%         3d5*      100%        9

Inventory:

Hand Weapons
 b - a +8 hunting sling of freezing {sling}
   (You found it on level 3 of the Dungeon)
Missiles
 a - 16 javelins {throwing}
 f - 673 stones {throwing}
 l - 23 boomerangs {throwing}
 v - 157 sling bullets
 H - 8 throwing nets {=f!fthrowing}
 J - 6 silver boomerangs {throwing}
 Q - 4 boomerangs of dispersal {=f!fthrowing}
Armour
 e - a +2 kite shield (worn)
   (You took it off a tengu warrior on level 12 of the Dungeon)
 s - the +9 scales of the Dragon King (worn) {rPois rF+ rC+ Will+}
   (You found it on level 6 of the Lair of Beasts)

   rF:        It protects you from fire.
   rC:        It protects you from cold.
   rPois:     It protects you from poison.
   Will:      It increases your willpower.
 y - the +1 pair of gloves of Hiazxik (worn) {rC+}
   (You found it on level 4 of the Swamp)

   rC:        It protects you from cold.
 G - the +5 hat of the Dropbear (worn) {Regen+ rCorr}
   (You acquired it on level 1 of the Swamp)

   Regen:     It increases your rate of health regeneration.
   rCorr:     It protects you from acid and corrosion.
 S - a +2 cloak of preservation (worn)
   (You found it on level 10 of the Dungeon)
 W - the +2 pair of boots of Objectivity (worn) {Str+3}
   (You found it on level 4 of the Lair of Beasts)

   Str:       It affects your strength (+3).
Jewellery
 h - an amulet of reflection (around neck)
   (You found it on level 6 of the Dungeon)
 o - a ring of willpower (left hand)
   (You found it on level 1 of the Lair of Beasts)
 t - a ring of protection from cold
   (You found it on level 3 of the Dungeon)
 w - a ring of flight (right hand)
   (You found it on level 9 of the Dungeon)
 x - a ring of positive energy
   (You found it on level 1 of the Snake Pit)
 U - a ring of poison resistance
   (You took it off a spriggan druid on level 3 of the Swamp)
Wands
 m - a wand of iceblast (42)
   (You found it on level 1 of the Lair of Beasts)
 L - a wand of mindburst (13)
   (You found it on level 6 of the Lair of Beasts)
 P - a wand of digging (12)
   (You found it on level 9 of the Dungeon)
Scrolls
 i - 9 scrolls of identify {@r1}
 j - 2 scrolls of silence {!r}
 k - a scroll of summoning
 n - 2 scrolls of torment {!r}
 q - 3 scrolls of fog
 u - 12 scrolls of teleportation {@r4}
 A - 2 scrolls of vulnerability {!r!r}
 C - 6 scrolls of blinking {!r}
 T - 4 scrolls of fear
 X - 3 scrolls of immolation {!r!r}
 Y - a scroll of holy word
 Z - 2 scrolls of magic mapping {!r}
Potions
 d - 2 potions of haste {@q3}
 p - 4 potions of mutation {!q}
 r - a potion of magic {unknown}
 z - 2 potions of brilliance
 D - a potion of invisibility
 E - 6 potions of flight
 I - 2 potions of lignification {!q}
 K - 11 potions of curing {@q1}
 M - 3 potions of attraction {!q}
 N - 5 potions of resistance
 O - 11 potions of ambrosia
 V - 5 potions of heal wounds {@q2}
Miscellaneous
 c - a phantom mirror
   (You found it on level 15 of the Dungeon)
 B - a lightning rod (4/4)
   (You found it on level 1 of the Swamp)
 F - a box of beasts
   (You found it on level 14 of the Dungeon)

Dungeon Overview and Level Annotations

Branches:
Dungeon (15/15)            Temple (0/1) D:6            Lair (6/6) D:9
  Swamp (4/4) Lair:4        Snake (4/4) Lair:3        Slime (0/5) Lair:6
    Orc (0/2) D:10         Vaults (4/5) D:13         Depths (0/5) D:15
  Crypt: Vaults:2-3

Altars:
Ashenzari
Elyvilon
Kikubaaqudgha
Nemelex Xobeh
Sif Muna
Vehumet
Yredelemnul
The Shining One
Jiyva

Shops:
D:1 *(!   D:12 *   D:14 (   Snake:4 *   Vaults:1 :

Annotations:
D:8 exclusion: downstairs
D:10 exclusion: downstairs
Lair:4 3 runed translucent doors, DunceCap's ghost, journeyman DrVM
Lair:6 1 runed translucent door
Swamp:2 3 runed translucent doors, siradein's ghost, adept DjFE
Swamp:3 2 transporters, Papr's ghost, adept DgCj
Vaults:2 Jory

#..... #....#
#....# #....#
#....#
#....########
#....#p......
#...)Vp.O....
#..)@#.......
#....#V...>..
##
#....#..O....
####.
#....#.......
#≈≈≈.
#....########
#≈≈.. #....#
##..§§ #....#
#...§. #....#
##.... #....#
#≈≈..


You could see Jory (strong), an ironbound thunderhulk (strong), an ironbound
frostheart (strong) and an ironbound convoker.


Message History

You barely miss the vault warden. You headbutt the vault warden.
The ironbound convoker points at the ironbound frostheart and mumbles some strange words.
You barely miss the vault warden. Your headbutt misses the vault warden.
You hit the vault warden but do no damage.
The vault warden hits you with a +2 great mace!!! 😕 HP[-39]
You take 39 damage, and now have 150/189 hp.
MASSIVE DAMAGE!! (PAUSE)
You squash the vault warden like an ant!!!
You kill the vault warden!
Lugonu accepts your kill.
The vault sentinel blows a loud note on a signal horn!
Your Dodging skill increases to level 10! 😕 HP[+1] Unknown command.
You hit the ironbound beastmaster.
Jory hisses in an unknowable language. 😕 HP[+1]
You closely miss Jory. Your headbutt misses Jory. 😕 HP[+1]
You hit Jory. You punch Jory!
Jory casts a spell.
Jory attempts to bespell you! You resist with almost no effort.
The ironbound convoker casts a spell at Jory.
Jory seems to grow stronger. 😕 HP[+1]
You barely miss Jory. You headbutt Jory. 😕 HP[+1]
You hit Jory but do no damage. You headbutt Jory, but do no damage.
Jory gestures wildly while chanting.
Jory attempts to bespell you!
You resist with almost no effort. 😕 HP[+1] Unknown command.
You pummel Jory!! 😕 HP[+1]
You hit Jory. Your headbutt misses Jory.
Jory hits you with a +2 great sword of draining!!!
You feel drained.
* * * LOW HITPOINT WARNING * * *
You block Jory's attack.
The ironbound convoker gestures at the ironbound frostheart while chanting.
The ironbound frostheart seems to grow stronger. 😨 HP[-72]
You now have 174 max hp (-15).
You take 72 damage, and now have 85/174 hp.
MASSIVE DAMAGE!! (PAUSE)
You feel very mighty all of a sudden. You block Jory's attack.
Jory bites you but does no damage.
The vault sentinel blows a loud note on a signal horn! 😨 HP[+1]
You feel yourself speed up. You block Jory's attack.
Jory bites you but does no damage. 😨 HP[+1] Unknown command.
You hit Jory. 😮 HP[+1]
You barely miss Jory. You headbutt Jory, but do no damage.
You block Jory's attack. x2
Electricity crackles from the ironbound thunderhulk's apparatus.
The bolt of lightning hits you!!
* * * LOW HITPOINT WARNING * * *
😨 HP[-23]
You take 23 damage, and now have 65/174 hp.
You punch Jory! 😨 HP[+1] Unknown command.
You hit Jory but do no damage. You headbutt Jory! Jory gestures rudely at you.
Jory gestures wildly while chanting.
Jory attempts to bespell you! You resist with almost no effort.
You closely miss Jory. You headbutt Jory!
The ironbound convoker casts a spell at the ironbound thunderhulk.
The ironbound thunderhulk seems to grow stronger.
Electricity crackles from the ironbound thunderhulk's apparatus.
The bolt of lightning hits you!!!
* * * LOW HITPOINT WARNING * * *
😱 HP[-37]
You take 37 damage, and now have 29/174 hp.
MASSIVE DAMAGE!! (PAUSE)
You pummel Jory!! Your headbutt misses Jory. 😱 HP[+1]
You hit Jory but do no damage. You headbutt Jory. You block Jory's attack. x2
You punch Jory! 😱 HP[+1] Unknown command.
You closely miss Jory.
Jory hits you with a +2 great sword of draining!
* * * LOW HITPOINT WARNING * * *
You feel drained. You block Jory's attack. 😱 HP[-8]
You now have 171 max hp (-3).
You take 8 damage, and now have 23/171 hp.
You barely miss Jory. 😱 HP[+1]
You hit Jory but do no damage. You pummel Jory!! Your headbutt misses Jory.
Jory hits you with a +2 great sword of draining!!
You die...

Skill      XL: |  1  2  3  4  5  6  7  8  9 10 11 12 13 14 15 16 17 18 19 20 |
---------------+-------------------------------------------------------------+-----
Invocations    | 2 3 5 6 8 9 10 11 12 13 | 13.5
Unarmed Combat | 3 4 6 7 9 10 12 13 14 15 17 18 19 20 21 23 | 23.6
Armour         | 3 4 6 8 9 11 12 13 14 15 16 | 16.0
Fighting       | 4 5 7 8 10 11 12 13 14 15 16 18 | 18.4
Dodging        | 2 6 9 10 | 10.0
Shields        | 4 7 13 15 | 15.0

Action                   |  1- 3 |  4- 6 |  7- 9 | 10-12 | 13-15 | 16-18 | 19-21 || total
-------------------------+-------+-------+-------+-------+-------+-------+-------++-------
Melee: Unarmed           |    92 |    97 |   299 |   554 |  1318 |  1512 |   861 ||  4733
       Headbutt          |    12 |    15 |    52 |   105 |   288 |   319 |   230 ||  1021
       Punch             |       |     4 |    10 |    22 |       |       |       ||    36
 Fire: Hunting sling     |       |    45 |   129 |   183 |   298 |   349 |    12 ||  1016
Invok: Banish            |       |       |       |     1 |       |       |       ||     1
  Use: Scroll            |     3 |       |       |    19 |    13 |    10 |       ||    45
       Potion            |       |       |     2 |     4 |     5 |     2 |     2 ||    15
Armor: Leather armour    |    12 |       |       |       |       |       |       ||    12
       Chain mail        |     9 |    49 |     7 |       |       |       |       ||    65
       Ring mail         |       |       |    99 |   210 |   358 |       |       ||   667
       Gold dragon scale |       |       |       |       |   193 |   697 |   291 ||  1181
Dodge: Dodged            |    44 |    54 |   159 |   282 |   380 |   330 |   107 ||  1356
Block: Other             |       |       |    52 |    85 |       |       |       ||   137
       Reflection        |       |       |       |     4 |     9 |    85 |    22 ||   120
       Buckler           |       |       |       |    68 |   482 |   363 |       ||   913
       Kite shield       |       |       |       |       |       |   378 |   577 ||   955

Levels and vault maps discovered:
D:1:      dpeg_arrival_ratfight, layout_basic, serial_shops, shop_statue,
          nicolae_shop_behind_doors, nicolae_shop_waterfront,
          hangedman_decor_clover_reticule, roderic_roman_lattice
D:2:      layout_basic
D:3:      layout_basic, mainiacjoe_overflow_large_starburst,
          gammafunk_ghost_mausoleum, gup_sewer_entry_bubbles,
          hellmonk_ecumenical_altar_heavens_door
D:4:      layout_rooms, minmay_misc_feat_rugged
D:5:      layout_rooms, mainiacjoe_overflow_alcove_1, kennysheep_dice
D:6:      layout_rooms, minmay_temple_entry_glass, uniq_edmund
D:7:      layout_cave_pools, fiery_altar_vehumet, uniq_crazy_yiuf_cottage
D:8:      layout_loops_ring, hangedman_abyss_or_decor_lesser_grid,
          chequers_hall_statues_corner_a
D:9:      layout_rooms, grunt_temple_overflow_diamond, lair_entry_dummy,
          dk_noncrumbling_4, grunt_decor_resistance, nrook_pool_corridor,
          evilmike_minifort, uniq_maggie, uniq_grum, uniq_prince_ribbit1
D:10:     lemuel_bear_cage, layout_loops_ring, erik_orc_4
D:11:     layout_long_grid, serial_ice, serial_ice_m, serial_ice_i,
          serial_ice_e, serial_ice_c, serial_ice_n,
          portal_ice_cave_entry_pillars_1, minmay_stone_trees_small,
          minmay_fractal_squares_gapless_5
D:12:     minmay_the_grid_4x2 [minmay_the_grid_eight, minmay_the_grid_fan,
          minmay_the_grid_dragon_a, minmay_the_grid_minigrid_medium,
          minmay_the_grid_medium_cups, minmay_the_grid_broken_lines,
          minmay_the_grid_aliased_spiral,
          minmay_the_grid_prize_four_corners_diamond_a], layout_stronghold,
          serial_shops, shop, gauntlet_entry_generic,
          minmay_fractal_squares_diagonal_5
D:13:     minmay_tri_box, layout_irregular_city,
          lightli_vaults_fourway_checkpoint
D:14:     minmay_tearing_corner, layout_basic, serial_shops,
          kennysheep_mini_moat, infiniplex_staircase_pool_2
D:15:     gammafunk_enter_depths_forms, layout_stronghold, minmay_crystal_water,
          chequers_serial_rivers_small_a, nicolae_sif_muna_condensation,
          uniq_jorgrun, uniq_nessos
Lair:1:   layout_hall_layers, lemuel_fruit_fields, grunt_megastairs_3,
          uniq_harold, uniq_gastronok
Lair:2:   layout_roguey, special_room [special_room_bee], beast_lair_carwin_3
Lair:3:   layout_roguey, minmay_snake_entry_guardpost_medium
Lair:4:   cheibrodos_lair_river_kwai, layout_regular_city,
          minmay_swamp_entry_worms, gammafunk_ghost_necromancy,
          grunt_megastairs_5, uniq_rupert
Lair:5:   layout_small_grid, special_room [special_room_mythical_zoo],
          grunt_forest_large_clearings, grunt_megastairs_2, uniq_josephine,
          uniq_snorg
Lair:6:   evilmike_catoblepas_cave, layout_long_grid, slime_altar_2,
          enter_volcano_2, special_room [special_room_mythical_zoo],
          chequers_serial_rivers_room_b, kennysheep_abandoned_house
Swamp:1:  layout_falls_marsh, ebering_ghost_disaster_area,
          evilmike_swamp_ruin_house_3
Swamp:2:  layout_basic_swamp, ebering_ghost_rock_garden,
          nicolae_swamp_bean_lake, swamp_pool3, nicolae_swamp_oxbows
Swamp:3:  layout_basic_swamp, gammafunk_ghost_arena, hangedman_swamp_blocks,
          uniq_donald, uniq_mara
Swamp:4:  swamp_pestilence, layout_basic_swamp, infiniplex_staircase_pool
Snake:1:  layout_onion, serial_bayou_shore_a, uniq_asterion, uniq_nikola,
          uniq_frances, uniq_aizul
Snake:2:  layout_layer_cave, uniq_vashnia, uniq_louise
Snake:3:  layout_cave_pods, special_room, drop_trap, lemuel_fruit_tree,
          uniq_bai_suzhen
Snake:4:  minmay_snake_end_coiled, layout_cave_town, serial_shops,
          nicolae_shop_statue_plus
Vaults:1: nicolae_vaults_circle_grid_a, hangedman_vaults_maws,
          grunt_vaults_swirl, ontoclasm_vaults_pinch,
          vaults_mumra_minichess_inversion, nicolae_vaults_triangles,
          hangedman_vaults_stagger, v_misc_28, vaults_room_semicircle,
          nicolae_vaults_little_squares_1, layout_vaults_big_cross,
          serial_shops, shop, uniq_saint_roka
Vaults:2: v_misc_24, serial_ice_m, nicolae_vaults_mini_display_case,
          hangedman_vaults_restitches, v_misc_13,
          nicolae_vaults_network_quinsquares
          [nicolae_vaults_network_quincunx_subvault,
          nicolae_vaults_network_quincunx_subvault,
          nicolae_vaults_network_quincunx_subvault,
          nicolae_vaults_network_quincunx_subvault], nicolae_vaults_asterisk,
          v_pattern_3, layout_vaults_omnigrid, serial_shops, shop, uniq_jory
Vaults:3: v_misc_22, hangedman_vaults_trim, hangedman_vaults_variations,
          minmay_crypt_entry_simple_walls, hangedman_vaults_hard_town_square,
          nicolae_vaults_little_squares_1, nicolae_vaults_shelves_hall,
          nicolae_vaults_what_the_h, nicolae_vaults_network_star,
          vaults_dpeg_cross, layout_vaults_big_room, serial_shops,
          nicolae_shop_trees, shop
Vaults:4: v_misc_10, nicolae_vaults_specimen_jars, v_misc_16,
          vaults_room_large_hall, v_misc_17, nicolae_vaults_little_squares_6,
          hangedman_vaults_capsules, hangedman_vaults_trim,
          hangedman_vaults_hat, hangedman_vaults_cutoff, ontoclasm_vaults_tryst,
          st_more_cells, hangedman_vaults_maws, layout_vaults_ring

Notes
Turn   | Place    | Note
-------+----------+-------------------------------------------
     0 | Abyss:1  | Sobieck the Minotaur Abyssal Knight began the quest for the
                  | Orb.
     0 | Abyss:1  | Reached XP level 1. HP: 19/19 MP: 1/1
     0 | Abyss:1  | magus.rc [v1.9.6]
    77 | D:1      | You pass through the gate.
    77 | D:1      | Escaped the Abyss
   335 | D:1      | Found Forroohu's Antique Weapon Emporium.
   349 | D:1      | Found Gebayfov's General Store.
   365 | D:1      | Reached XP level 2. HP: 27/27 MP: 2/2
   373 | D:1      | Reached skill level 2 in Invocations
   766 | D:1      | Found Tissacaz's Distillery.
   960 | D:1      | Bought a scroll of identify for 20 gold pieces
  1252 | D:1      | Reached ** piety under Lugonu
  1441 | D:2      | Reached XP level 3. HP: 29/33 MP: 3/3
  1654 | D:2      | Reached skill level 3 in Unarmed Combat
  1693 | D:2      | Reached skill level 3 in Armour
  1697 | D:2      | Reached skill level 4 in Fighting
  1706 | D:2      | Reached XP level 4. HP: 21/40 MP: 4/4
  1708 | D:2      | Reached skill level 2 in Dodging
  2206 | D:3      | Noticed DemonSlayer's ghost (novice HuBe)
  2207 | D:3      | Found a transporter.
  2231 | D:3      | Found a transporter.
  2237 | D:3      | Found a broken altar of Ashenzari.
  2261 | D:3      | Found a glowing golden altar of the Shining One.
  2452 | D:3      | Found a faded altar of an unknown god.
  2746 | D:3      | Reached skill level 4 in Unarmed Combat
  3109 | D:4      | Reached XP level 5. HP: 46/46 MP: 5/5
  3125 | D:5      | Entered Level 5 of the Dungeon
  3125 | D:5      | Noticed a black bear
  3238 | D:4      | Reached skill level 5 in Unarmed Combat
  3262 | D:4      | Noticed a necrophage
  3268 | D:4      | Killed a necrophage
  3269 | D:4      | Reached skill level 6 in Unarmed Combat
  3269 | D:4      | Reached XP level 6. HP: 52/52 MP: 6/6
  3441 | D:4      | You fall into a shaft and drop 1 floor!
  3655 | D:5      | Reached skill level 7 in Unarmed Combat
  3864 | D:4      | Reached XP level 7. HP: 49/59 MP: 7/7
  4030 | D:6      | Reached skill level 8 in Unarmed Combat
  4280 | D:5      | Identified the +5 ring mail "Tuwexua" {Fly Will+}
  4431 | D:5      | Reached *** piety under Lugonu
  4432 | D:5      | Reached skill level 9 in Unarmed Combat
  4520 | D:5      | Reached XP level 8. HP: 58/66 MP: 8/8
  4583 | D:5      | Found an ancient bone altar of Kikubaaqudgha.
  4715 | D:6      | Reached skill level 10 in Unarmed Combat
  5270 | D:6      | Reached skill level 3 in Invocations
  5288 | D:6      | Found a staircase to the Ecumenical Temple.
  5354 | D:5      | Reached skill level 4 in Armour
  5394 | D:5      | Reached skill level 5 in Fighting
  5416 | D:6      | Noticed Edmund
  5564 | D:6      | Identified the +7 falchion of Dylloj {flame, +Blink rN+++
                  | Int-4 Dex-3}
  5922 | D:6      | You pick up a book of Debilitation and begin reading...
  5922 | D:6      | You add the spells Slow, Vampiric Draining and Confusing
                  | Touch to your library.
  5963 | D:6      | Killed Edmund
  6154 | D:7      | Reached XP level 9. HP: 61/74 MP: 10/10
  6251 | D:8      | Reached skill level 5 in Armour
  6251 | D:8      | Reached skill level 11 in Unarmed Combat
  6294 | D:7      | Reached skill level 4 in Invocations
  6343 | D:7      | Found a radiant altar of Vehumet.
  6428 | D:7      | Found a runed translucent door.
  6429 | D:7      | Noticed Crazy Yiuf
  6436 | D:7      | Killed Crazy Yiuf
  6551 | D:7      | Reached skill level 6 in Fighting
  6820 | D:8      | Reached **** piety under Lugonu
  7206 | D:8      | Reached skill level 6 in Armour
  8106 | D:9      | Found a staircase to the Lair.
  8296 | D:7      | Reached skill level 5 in Invocations
  8446 | D:9      | Reached skill level 12 in Unarmed Combat
  8605 | D:9      | You pick up a book of Air and begin reading...
  8605 | D:9      | You add the spells Shock, Swiftness and Airstrike to your
                  | library.
  8608 | D:9      | Noticed Grum
  8619 | D:9      | Reached skill level 7 in Fighting
  8914 | D:9      | Killed Grum
  8915 | D:9      | Reached XP level 10. HP: 32/86 MP: 12/12
  9388 | D:9      | Noticed Prince Ribbit
  9398 | D:9      | Killed Prince Ribbit
  9412 | D:9      | Noticed Maggie
  9430 | D:9      | Killed Maggie
  9431 | D:9      | Reached skill level 7 in Armour
  9634 | D:9      | Found a basalt altar of Yredelemnul.
  9637 | D:9      | Found a sparkling altar of Nemelex Xobeh.
  9641 | D:9      | Found a white marble altar of Elyvilon.
  9763 | D:10     | Entered Level 10 of the Dungeon
 10201 | D:9      | Reached skill level 6 in Invocations
 10248 | D:9      | Noticed a gargoyle
 10258 | D:9      | Paralysed by a hornet for 1 turns
 10264 | D:9      | Reached skill level 8 in Fighting
 10273 | D:9      | HP: 19/88 [wyvern (12)]
 10275 | D:9      | Reached skill level 13 in Unarmed Combat
 10575 | D:9      | Killed a gargoyle
 10575 | D:9      | Reached ***** piety under Lugonu
 10629 | D:9      | Noticed a boulder beetle
 10634 | D:9      | Reached skill level 8 in Armour
 11020 | D:9      | Banished a boulder beetle
 11021 | D:9      | Reached XP level 11. HP: 95/95 MP: 9/15
 11040 | D:9      | You pick up a book of the Earth and begin reading...
 11040 | D:9      | You add the spells Stone Arrow, Bolt of Magma and Shatter
                  | to your library.
 11222 | D:10     | Found a staircase to the Orcish Mines.
 11562 | D:10     | Found a huge runed translucent gate.
 11563 | D:10     | Found a huge runed translucent gate.
 11563 | D:10     | Found a huge runed translucent gate.
 11563 | D:10     | Found a huge runed translucent gate.
 11836 | D:10     | You pick up a book of Displacement and begin reading...
 11836 | D:10     | You add the spells Lesser Beckoning, Gell's Gravitas and
                  | Teleport Other to your library.
 11883 | D:10     | Noticed a two-headed ogre
 11891 | D:10     | Killed a two-headed ogre
 11892 | D:10     | Reached skill level 9 in Fighting
 11892 | D:10     | Reached skill level 7 in Invocations
 12361 | D:10     | Reached skill level 1 in Shields
 13007 | D:11     | Reached skill level 14 in Unarmed Combat
 13184 | D:11     | Reached skill level 9 in Armour
 13184 | D:11     | Reached skill level 2 in Shields
 13832 | D:11     | Noticed a cyan ugly thing
 13843 | D:11     | Killed a cyan ugly thing
 13985 | D:11     | You pick up a book of Frost and begin reading...
 13985 | D:11     | You add the spells Freeze, Frozen Ramparts and Hailstorm to
                  | your library.
 14024 | D:11     | Reached skill level 3 in Shields
 14255 | D:11     | Noticed a soul eater
 14646 | D:12     | Noticed a six-headed hydra
 14648 | D:12     | Noticed a five-headed hydra
 14657 | D:11     | Killed a six-headed hydra
 14658 | D:11     | Reached skill level 10 in Fighting
 14762 | D:11     | HP: 24/99 [five-headed hydra (12)]
 14765 | D:11     | HP: 11/99 [five-headed hydra (5)]
 14765 | D:11     | HP: 4/99 [five-headed hydra (7)]
 14766 | D:11     | Killed a five-headed hydra
 14767 | D:11     | Reached skill level 4 in Shields
 14767 | D:11     | Reached skill level 8 in Invocations
 14767 | D:11     | Reached XP level 12. HP: 4/106 MP: 15/17
 15330 | D:12     | Noticed a two-headed ogre
 15333 | D:12     | Noticed a two-headed ogre
 15336 | D:12     | Killed a two-headed ogre
 15346 | D:12     | Killed a two-headed ogre
 15589 | D:12     | Noticed a boulder beetle
 15607 | D:12     | Killed a boulder beetle
 15608 | D:12     | Reached skill level 10 in Armour
 15608 | D:12     | Reached skill level 15 in Unarmed Combat
 15739 | D:12     | Noticed a two-headed ogre
 15750 | D:12     | Killed a two-headed ogre
 15770 | D:12     | Noticed a death knight
 15841 | Lair:1   | Entered Level 1 of the Lair of Beasts
 16920 | Lair:1   | Noticed Gastronok
 16920 | Lair:1   | Noticed Harold
 16962 | Lair:1   | Killed Gastronok
 16963 | Lair:1   | Reached skill level 11 in Fighting
 16963 | Lair:1   | Reached skill level 9 in Invocations
 16995 | Lair:1   | Killed Harold
 17789 | Lair:2   | Reached skill level 11 in Armour
 18336 | Lair:2   | Reached XP level 13. HP: 109/116 MP: 18/18
 18349 | Lair:2   | Reached skill level 16 in Unarmed Combat
 18911 | Lair:2   | Reached ****** piety under Lugonu
 19342 | Lair:2   | magus.rc [v1.9.6]
 20295 | Lair:3   | Identified the +9 hand axe "Goblin's Undoing" {spect, rElec
                  | SInv}
 20338 | Lair:3   | Found a staircase to the Snake Pit.
 20516 | Lair:3   | Reached skill level 12 in Fighting
 20934 | Lair:4   | Reached skill level 10 in Invocations
 21370 | Lair:4   | Identified the +2 pair of boots of Objectivity {Str+3}
 21462 | Lair:4   | Reached skill level 12 in Armour
 21605 | Lair:4   | Reached skill level 17 in Unarmed Combat
 21743 | Lair:4   | You pick up a book of Sloth and begin reading...
 21743 | Lair:4   | You add the spells Petrify, Metabolic Englaciation and
                  | Statue Form to your library.
 22075 | Lair:4   | Noticed Rupert
 22101 | Lair:4   | HP: 26/119 [Rupert (24)]
 22124 | Lair:4   | Killed Rupert
 22126 | Lair:4   | j - a +3 executioner's axe of flaming {axerare=g}
 22142 | Lair:3   | You drop a +3 executioner's axe of flaming {axerare=g}.
 22390 | Lair:4   | Found a runed translucent gate.
 22390 | Lair:4   | Found a runed translucent gate.
 22390 | Lair:4   | Found a runed translucent gate.
 22391 | Lair:4   | Noticed DunceCap's ghost (journeyman DrVM)
 22487 | Lair:4   | Reached XP level 14. HP: 95/127 MP: 20/20
 22660 | Lair:4   | Found a staircase to the Swamp.
 22860 | Lair:5   | Noticed Snorg
 22904 | Lair:5   | Killed Snorg
 23033 | Lair:5   | Identified the +1 halberd of Radeerat {vorpal, Int+2 Dex+2}
 23148 | Lair:5   | Noticed Josephine
 23179 | Lair:5   | Killed Josephine
 23544 | Lair:5   | Reached skill level 13 in Fighting
 24828 | Lair:5   | Reached skill level 11 in Invocations
 25058 | Lair:5   | Reached skill level 18 in Unarmed Combat
 25121 | Lair:6   | Entered Level 6 of the Lair of Beasts
 25141 | Lair:6   | Reached skill level 13 in Armour
 25148 | Lair:6   | magus.rc [v1.9.6]
 26145 | Lair:6   | Found a runed translucent door.
 26156 | Lair:6   | Found a viscous altar of Jiyva.
 26272 | Lair:6   | Reached XP level 15. HP: 91/137 MP: 22/22
 27358 | Lair:6   | Reached skill level 14 in Fighting
 27937 | Lair:6   | Noticed an azure jelly
 27938 | Lair:6   | Found a staircase to the Slime Pits.
 27938 | Lair:6   | Noticed an azure jelly
 27938 | Lair:6   | Noticed an azure jelly
 28125 | Lair:6   | Reached skill level 19 in Unarmed Combat
 28219 | Lair:6   | Found the +9 scales of the Dragon King {rPois rF+ rC+
                  | Will+}
 28229 | Lair:6   | You pick up a book of Flames and begin reading...
 28229 | Lair:6   | You add the spells Foxfire, Conjure Flame and Inner Flame
                  | to your library.
 28532 | D:12     | Reached skill level 14 in Armour
 28532 | D:12     | Reached skill level 12 in Invocations
 28755 | D:12     | You pick up a book of Necromancy and begin reading...
 28755 | D:12     | You add the spells Pain and Animate Skeleton to your
                  | library.
 29552 | D:12     | Found Douchuti's General Store.
 30095 | D:12     | Identified the +8 spear of the Common Good {vorpal, Dex+5}
 30107 | D:12     | Noticed a storm dragon
 30116 | D:12     | Killed a storm dragon
 30322 | D:12     | Got Okud Heott's Guide on Spatial Flames
 31166 | D:13     | Found a gate to the Vaults.
 31190 | D:13     | Reached XP level 16. HP: 111/147 MP: 24/24
 31236 | D:13     | Reached skill level 5 in Shields
 31831 | D:13     | Identified a scroll of acquirement
 31832 | D:13     | Acquired 857 gold pieces
 32192 | D:14     | Found Geadeshro's Antique Weapon Shop.
 32412 | D:15     | Entered Level 15 of the Dungeon
 32916 | D:14     | Reached skill level 15 in Fighting
 33109 | D:14     | Reached skill level 20 in Unarmed Combat
 33504 | D:14     | Reached skill level 6 in Shields
 33728 | D:14     | Noticed a shadow dragon
 33753 | D:14     | Reached skill level 15 in Armour
 33763 | D:14     | Killed a shadow dragon
 34494 | D:14     | Gained mutation: You have large cloven feet. [a shining
                  | eye]
 34838 | D:15     | Reached skill level 13 in Invocations
 34859 | D:15     | Found a shimmering blue altar of Sif Muna.
 35439 | D:15     | Reached skill level 7 in Shields
 35543 | D:15     | Noticed Nessos
 35546 | D:15     | Killed Nessos
 35775 | D:15     | Noticed Jorgrun
 35796 | D:15     | Killed Jorgrun
 36136 | D:15     | Found a staircase to the Depths.
 36432 | D:15     | Upgraded the game from 0.28-a0-10-g964c8b829e to
                  | 0.28-a0-21-gf74fda84f9
 36432 | D:15     | magus.rc [v1.9.6]
 36602 | D:3      | Killed DemonSlayer's ghost
 36803 | D:10     | Reached XP level 17. HP: 149/156 MP: 25/25
 37025 | Snake:1  | Entered Level 1 of the Snake Pit
 37027 | Snake:1  | You pick up a book of Geomancy and begin reading...
 37027 | Snake:1  | You add the spells Sandblast, Passwall and Lee's Rapid
                  | Deconstruction to your library.
 37240 | Snake:1  | HP: 32/157 [naga warrior (17)]
 37611 | Snake:1  | You add the spells Call Imp, Shadow Creatures and Malign
                  | Gateway to your library.
 37611 | Snake:1  | Got the Handbook of the Supportive Rocks
 37805 | Snake:1  | Reached skill level 8 in Shields
 37872 | Snake:1  | Noticed Asterion
 37898 | Snake:1  | Killed Asterion
 38422 | Snake:1  | Noticed Nikola
 38425 | Snake:1  | Gained mutation: Your flesh is heat resistant. (rF+)
                  | [mutagenic glow]
 38442 | Snake:1  | Noticed Aizul
 38444 | Snake:1  | Gained mutation: You are weak. (Str -2) [mutagenic glow]
 38457 | Snake:1  | Killed Nikola
 38461 | Snake:1  | Killed Aizul
 38482 | Snake:1  | Gained mutation: Your spells are a little easier to cast,
                  | but a little less powerful. [mutagenic glow]
 38493 | Snake:1  | Gained mutation: Your spells are easier to cast, but less
                  | powerful. [mutagenic glow]
 39138 | Snake:1  | Noticed Frances
 39154 | Snake:1  | Killed Frances
 39155 | Snake:1  | Reached skill level 21 in Unarmed Combat
 39468 | Snake:2  | Reached skill level 16 in Fighting
 39481 | Snake:2  | Noticed Louise
 39499 | Snake:2  | Killed Louise
 39534 | Snake:2  | Noticed Vashnia
 39542 | Snake:2  | Reached skill level 9 in Shields
 39553 | Snake:2  | Killed Vashnia
 39568 | Snake:2  | Reached skill level 10 in Shields
 40286 | Snake:2  | Reached skill level 11 in Shields
 41110 | Snake:2  | Reached skill level 12 in Shields
 41428 | Snake:2  | You add the spells Ensorcelled Hibernation, Sublimation of
                  | Blood, Borgnjor's Revivification and Necromutation to your
                  | library.
 41428 | Snake:2  | Got the Volume of the Sinister Oath
 42051 | Snake:3  | You pick up a book of Blasting and begin reading...
 42051 | Snake:3  | You add the spells Fulminant Prism and Iskenderun's Mystic
                  | Blast to your library.
 42344 | Snake:3  | You pick up a book of Power and begin reading...
 42344 | Snake:3  | You add the spells Iskenderun's Battlesphere, Iron Shot and
                  | Spellforged Servitor to your library.
 42408 | Snake:3  | Reached skill level 13 in Shields
 42661 | Snake:3  | Noticed Bai Suzhen
 42691 | Snake:3  | Killed Bai Suzhen
 42692 | Snake:3  | Reached XP level 18. HP: 145/166 MP: 27/27
 43471 | Snake:3  | Reached skill level 14 in Shields
 43775 | Snake:4  | Entered Level 4 of the Snake Pit
 43953 | Snake:4  | Found Zohen's Assorted Antiques.
 43965 | Snake:4  | Bought a scroll of enchant armour for 307 gold pieces
 44526 | Snake:4  | Reached skill level 15 in Shields
 45241 | Snake:4  | Reached skill level 3 in Dodging
 45277 | Snake:4  | Reached skill level 16 in Armour
 45592 | Snake:4  | Got a serpentine rune of Zot
 45946 | Snake:4  | You pick up a book of Storms and begin reading...
 45946 | Snake:4  | You add the spells Summon Lightning Spire and Lightning
                  | Bolt to your library.
 45964 | Snake:4  | magus.rc [v1.9.6]
 46129 | Swamp:1  | Entered Level 1 of the Swamp
 46156 | Swamp:1  | Found a large runed translucent door.
 46156 | Swamp:1  | Found a large runed translucent door.
 46160 | Swamp:1  | Noticed jimbutter's ghost (adept MiBe)
 46336 | Swamp:1  | Reached skill level 4 in Dodging
 46835 | Swamp:1  | Killed jimbutter's ghost
 46955 | Swamp:2  | Found a runed translucent gate.
 46955 | Swamp:2  | Found a runed translucent gate.
 46955 | Swamp:2  | Found a runed translucent gate.
 46969 | Swamp:2  | Noticed siradein's ghost (adept DjFE)
 46983 | Swamp:1  | Acquired the +5 hat of the Dropbear {Regen+ rCorr}
 47156 | Swamp:2  | You pick up a book of Beasts and begin reading...
 47156 | Swamp:2  | You add the spells Summon Ice Beast, Summon Mana Viper and
                  | Monstrous Menagerie to your library.
 47160 | Swamp:2  | You pick up a book of Cantrips and begin reading...
 47160 | Swamp:2  | You add the spells Corona, Summon Small Mammal and
                  | Apportation to your library.
 47326 | Swamp:2  | Reached skill level 5 in Dodging
 47804 | Swamp:3  | Noticed Papr's ghost (adept DgCj)
 47807 | Swamp:3  | Found a transporter.
 47843 | Swamp:3  | Found a transporter.
 47850 | Swamp:3  | Noticed Donald
 47859 | Swamp:3  | Killed Donald
 47861 | Swamp:3  | R - a +3 antimagic eveningstar {macerare=g}
 48217 | Swamp:3  | Noticed Mara
 48228 | Swamp:3  | Noticed Sobieck's illusion
 48394 | Swamp:3  | Noticed Sobieck's illusion
 48426 | Swamp:3  | Noticed Sobieck's illusion
 48589 | Swamp:3  | Identified the ring of Gavoboc {*Corrode rF+ MP-9 Int+5
                  | Stlth+}
 48610 | Swamp:3  | Noticed Sobieck's illusion
 48647 | Swamp:3  | Killed Mara
 48648 | Swamp:3  | Reached skill level 6 in Dodging
 48648 | Swamp:3  | Reached XP level 19. HP: 117/174 MP: 28/28
 48720 | Swamp:3  | Reached skill level 22 in Unarmed Combat
 48889 | Swamp:4  | Entered Level 4 of the Swamp
 49022 | Swamp:4  | Reached skill level 17 in Fighting
 49259 | Swamp:4  | Identified the +1 pair of gloves of Hiazxik {rC+}
 49657 | Swamp:4  | Noticed a bone dragon
 49669 | Swamp:4  | Killed a bone dragon
 49723 | Swamp:4  | Got a decaying rune of Zot
 50023 | Vaults:1 | Entered Level 1 of the Vaults
 50046 | Vaults:1 | Reached skill level 7 in Dodging
 50454 | Vaults:1 | Found Malaphui's Book Emporium.
 50851 | Vaults:1 | Reached skill level 8 in Dodging
 50857 | Vaults:1 | Noticed Saint Roka
 50899 | Vaults:1 | Killed Saint Roka
 51638 | Vaults:2 | Reached skill level 23 in Unarmed Combat
 51699 | Vaults:2 | Reached skill level 9 in Dodging
 51809 | Vaults:2 | Reached skill level 18 in Fighting
 51866 | Vaults:2 | Identified the ring "Soaq" {Ice Stlth+}
 51971 | Vaults:2 | Reached XP level 20. HP: 131/187 MP: 29/29
 52248 | Vaults:1 | You drop a +3 antimagic eveningstar {macerare=g}.
 52552 | Vaults:2 | Noticed Jory
 52558 | Vaults:2 | Reached skill level 10 in Dodging
 52572 | Vaults:2 | HP: 29/174 [ironbound thunderhulk/bolt of lightning (38)]
 52579 | Vaults:2 | Slain by Jory

Vanquished Creatures
  Mara (Swamp:3)
  Bai Suzhen (Snake:3)
  Saint Roka (Vaults:1)
  Vashnia (Snake:2)
  Nikola (Snake:1)
  A bone dragon (Swamp:4)
  Rupert (Lair:4)
  Jorgrun (D:15)
  Asterion (Snake:1)
  The ghost of jimbutter the Warrior, an adept MiBe of Trog (Swamp:1)
  Frances (Snake:1)
  A sphinx (Vaults:3)
  A shadow dragon (D:14)
  Gastronok (Lair:1)
  A storm dragon (D:12)
  4 nagarajas
  Donald (Swamp:3)
  A fenstrider witch (Swamp:2)
  5 vault wardens
  Aizul (Snake:1)
  Louise (Snake:2)
  2 frost giants (D:14)
  2 ghouls (Swamp:3)
  4 very ugly things
  8 ironbound preservers
  Nessos (D:15)
  3 bunyips
  A bunyip (shapeshifter) (D:15)
  8 dire elephants
  Snorg (Lair:5)
  4 eleionomae
  2 ettins (D:14)
  Josephine (Lair:5)
  4 yaktaur captains (Vaults:1)
  A great orb of eyes (Vaults:2)
  An ice dragon (D:12)
  2 ironbound thunderhulks (Vaults:1)
  Harold (Lair:1)
  3 rakshasas
  7 boulder beetles
  20 hydras
  15 naga warriors
  An ogre mage (D:14)
  4 ghost crabs
  10 vault guards
  4 ironbound frosthearts
  A salamander tyrant (Snake:4)
  3 death knights
  9 anacondas
  4 catoblepae
  5 centaur warriors
  An alligator (Swamp:1)
  14 death yaks (Lair:6)
  14 two-headed ogres
  6 tengu warriors
  5 ironbound beastmasters
  9 shock serpents
  11 naga sharpshooters
  4 skeletal warriors
  2 spriggan druids
  A salamander mystic (Snake:4)
  15 deep trolls
  3 swamp dragons
  A goliath frog (Swamp:1)
  7 bog bodies
  A sea snake (Snake:1)
  A glowing orange brain (D:15)
  6 naga ritualists
  3 lindwurms
  2 spectral hydras (Swamp:4)
  8 ironbound convokers
  4 wizards
  A tengu zombie (Vaults:1)
  A necromancer (Vaults:1)
  4 phantasmal warriors
  A deep elf zephyrmancer (D:14)
  6 deep elf pyromancers
  9 mana vipers
  2 orc sorcerers
  A harpy (Vaults:1)
  A shining eye (shapeshifter) (D:14)
  An oklob plant (Lair:5)
  A wolf spider (D:13)
  9 manticores
  4 salamanders
  5 will-o-the-wisps
  A manticore (shapeshifter) (D:15)
  A stone giant skeleton (Vaults:1)
  8 cyclopes
  42 black mambas
  A fire giant skeleton (Vaults:1)
  19 elephants
  5 vault sentinels
  15 ugly things
  2 guardian serpents
  14 naga magi
  A black mamba (shapeshifter) (D:14)
  The ghost of DemonSlayer the Chopper, a novice HuBe of Trog (D:3)
  15 cane toads
  A gargoyle (D:9)
  A freezing wraith (D:12)
  Maggie (D:9)
  10 rime drakes
  A kobold demonologist (D:11)
  An efreet (D:15)
  12 komodo dragons
  4 swamp worm zombies (Swamp:4)
  22 yaktaurs
  2 human skeletons (Vaults:1)
  2 tengu conjurers
  A queen bee (Lair:2)
  5 trolls
  7 polar bears
  A hydra zombie (Swamp:4)
  A meliai (D:12)
  2 wolf spider simulacra
  11 hornets
  13 blink frogs
  10 tyrant leeches
  Prince Ribbit (D:9)
  23 slime creatures
  17 dream sheep
  3 centaur simulacra
  42 yaks
  9 spriggans
  3 shadows
  15 wraiths
  2 hogs (D:10)
  18 wyverns
  Grum (D:9)
  18 basilisks
  2 wargs
  A steam dragon (Lair:2)
  15 swamp worms
  22 vampire mosquitoes
  A swamp worm (shapeshifter) (D:14)
  Edmund (D:6)
  48 nagas
  2 hell hounds (Lair:6)
  20 water moccasins
  3 acid dragons (D:12)
  16 orc warriors
  A meliai simulacrum (D:11)
  6 black bears
  2 swamp drakes (Swamp:1)
  2 ice beasts
  5 necrophages
  3 ogres
  6 swamp dragon zombies (Swamp:4)
  51 wolves
  16 centaurs
  3 phantoms (Swamp:4)
  2 kobold brigands (D:9)
  10 bullfrogs
  2 gnoll sergeants
  A scorpion (D:5)
  A water moccasin zombie (D:5)
  29 killer bees
  10 wights
  8 howler monkeys
  3 electric eels
  3 centaur zombies
  7 hounds
  3 jellies
  16 orc priests
  2 gnoll shamans
  Crazy Yiuf (D:7)
  3 bullfrog skeletons
  A centaur skeleton (D:3)
  8 orc wizards
  A scorpion zombie (D:5)
  18 hell rats
  2 spectral swamp drakes (Swamp:4)
  3 howler monkey zombies (D:9)
  19 gnolls
  8 river rats
  4 swamp drake zombies (Swamp:4)
  4 adders
  A shadow imp (D:3)
  2 white imps
  An ufetubus (D:11)
  2 adder skeletons (D:4)
  A dart slug (D:1)
  58 orcs
  4 endoplasms
  A giant cockroach (D:1)
  5 hobgoblins
  4 jackals
  8 kobolds
  7 quokkas
  10 ball pythons
  4 bats
  A frilled lizard (D:1)
  6 goblins
  9 rats
1228 creatures vanquished.

Vanquished Creatures (others)
  A naga mage (Snake:1)
  5 bloated husks
  A phantom (Swamp:4)
  An orc (D:7)
  22 foxfires
  59 fungi
  72 plants
161 creatures vanquished.

Grand Total: 1389 creatures vanquished

Table legend:
 A = Non-vault XP
 B = Vault XP
 C = Vault XP percentage of total XP
 D = Non-vault monster count
 E = Vault monster count
 F = Vault count percentage of total count
                 A         B        C        D         E       F
            +---------+---------+-------+---------+---------+-------
      Total |  273888 |  232204 |  45.9 |     738 |     494 |  40.1
            +---------+---------+-------+---------+---------+-------
        D:1 |      35 |       5 |  12.5 |      21 |       5 |  19.2
        D:2 |      90 |       0 |   0.0 |      18 |       0 |   0.0
        D:3 |      21 |     579 |  96.5 |       6 |      12 |  66.7
        D:4 |     446 |       0 |   0.0 |      15 |       0 |   0.0
        D:5 |     887 |     182 |  17.0 |      14 |       2 |  12.5
        D:6 |     884 |     166 |  15.8 |      17 |       1 |   5.6
        D:7 |     774 |      40 |   4.9 |      22 |       1 |   4.3
        D:8 |    1465 |     234 |  13.8 |      34 |       2 |   5.6
        D:9 |    2163 |    4029 |  65.1 |      24 |      24 |  50.0
       D:10 |    2957 |    4669 |  61.2 |      21 |      29 |  58.0
       D:11 |    2963 |    4892 |  62.3 |      18 |      16 |  47.1
       D:12 |   10913 |   17884 |  62.1 |      38 |      31 |  44.9
       D:13 |    3711 |   14519 |  79.6 |      10 |      20 |  66.7
       D:14 |   12228 |   18215 |  59.8 |      22 |      22 |  50.0
       D:15 |    8605 |    7967 |  48.1 |      17 |       7 |  29.2
     Lair:1 |    3908 |    3935 |  50.2 |      20 |       6 |  23.1
     Lair:2 |    5604 |    2023 |  26.5 |      20 |      24 |  54.5
     Lair:3 |    8651 |     800 |   8.5 |      27 |       5 |  15.6
     Lair:4 |    5430 |    7510 |  58.0 |      16 |      15 |  48.4
     Lair:5 |    6078 |   14203 |  70.0 |      16 |      70 |  81.4
     Lair:6 |   21566 |   16667 |  43.6 |      52 |      58 |  52.7
    Swamp:1 |    9358 |    2545 |  21.4 |      18 |       1 |   5.3
    Swamp:2 |   13483 |       0 |   0.0 |      26 |       0 |   0.0
    Swamp:3 |   12162 |   10357 |  46.0 |      17 |       2 |  10.5
    Swamp:4 |    7695 |   11915 |  60.8 |      15 |      33 |  68.8
    Snake:1 |   17135 |    9896 |  36.6 |      36 |       4 |  10.0
    Snake:2 |   23245 |    9891 |  29.8 |      37 |       6 |  14.0
    Snake:3 |   14577 |    5271 |  26.6 |      26 |       1 |   3.7
    Snake:4 |   16649 |   17023 |  50.6 |      35 |      30 |  46.2
   Vaults:1 |   18254 |   31839 |  63.6 |      30 |      51 |  63.0
   Vaults:2 |   35885 |   12234 |  25.4 |      42 |      12 |  22.2
   Vaults:3 |    2565 |    2714 |  51.4 |       2 |       4 |  66.7
   Vaults:4 |    3501 |       0 |   0.0 |       6 |       0 |   0.0
            +---------+---------+-------+---------+---------+-------

Illustrated notes

Table legend:
 A = Kills in this place as a percentage of kills in entire the game.
 B = Kills by you in this place as a percentage of kills by you in the entire game.
 C = Kills by friends in this place as a percentage of kills by friends in the entire game.
 D = Other kills in this place as a percentage of other kills in the entire game.
 E = Experience gained in this place as a percentage of experience gained in the entire game.
 F = Experience gained in this place divided by the number of levels of this place that you have seen.
                   A       B       C       D       E      F
               +-------+-------+-------+-------+-------+----------------------
         Total | 100.0 | 100.0 |   N/A | 100.0 | 100.0 | 14885.1
       Dungeon |  38.1 |  38.1 |   N/A |  25.0 |  24.0 | 8101.5
          Lair |  26.7 |  26.8 |   N/A |   0.0 |  19.0 | 16062.5
         Swamp |   9.1 |   9.0 |   N/A |  50.0 |  13.3 | 16878.8
     Snake Pit |  14.2 |  14.2 |   N/A |  25.0 |  22.5 | 28421.8
        Vaults |  11.9 |  12.0 |   N/A |   0.0 |  21.1 | 26748.0
               +-------+-------+-------+-------+-------+----------------------

Table legend: (Time is in decaauts)
 A = Elapsed time spent in this place.
 B = Non-inter-level travel time spent in this place.
 C = Inter-level travel time spent in this place.
 D = Time resting spent in this place.
 E = Time spent auto-exploring this place.
 F = Levels seen in this place.
 G = Mean time per level.
                   A        B        C        D        E       F      G
               +--------+--------+--------+--------+--------+-----+--------+
         Total |  51094 |  48663 |   2431 |  14634 |  24177 |  34 | 1502.8 |
       Dungeon |  24042 |  22742 |   1300 |   8163 |  10762 |  15 | 1602.8 |
          Lair |  12419 |  11924 |    495 |   3026 |   6681 |   6 | 2069.8 |
         Swamp |   3473 |   3296 |    177 |    295 |   1915 |   4 |  868.2 |
     Snake Pit |   8797 |   8474 |    323 |   2970 |   3641 |   4 | 2199.2 |
        Vaults |   2284 |   2150 |    134 |    178 |   1178 |   4 |  571.0 |
         Abyss |     77 |     77 |      0 |      0 |      0 |   1 |   77.0 |
               +--------+--------+--------+--------+--------+-----+--------+

Top non-repeatable levels by time:
  Lair:6: 3093 daAuts
     D:9: 2756 daAuts
    D:12: 2635 daAuts
    D:11: 2548 daAuts
 Snake:2: 2513 daAuts
  Lair:5: 2259 daAuts
 Snake:1: 2257 daAuts
    D:14: 2147 daAuts
  Lair:2: 2136 daAuts
 Snake:4: 2107 daAuts
 Snake:3: 1918 daAuts
  Lair:4: 1882 daAuts
     D:8: 1815 daAuts
    D:13: 1815 daAuts
    D:10: 1757 daAuts
